 Dungeon Crawl Stone Soup version 0.27.1-1-g398f81649c (webtiles) character file.

Game seed: 9672049288179484373

759 chaosape the Chucker (level 7, 0/56 HPs)
             Began as a Gnoll Wanderer on Sept 16, 2021.
             Slain by a water moccasin (6 damage)
             ... on level 5 of the Dungeon.
             The game lasted 00:23:47 (7410 turns).

chaosape the Chucker (Gnoll Wanderer)               Turns: 7410, Time: 00:23:48

Health: 0/56       AC:  7    Str: 18    XL:     7   Next: 80%
Magic:  11/11      EV: 12    Int:  9    God:
Gold:   369        SH:  5    Dex: 14    Spells: 11/11 levels left

rFire    . . .     SeeInvis .   c - +2 dagger (venom)
rCold    . . .     Faith    .   (no shield)
rNeg     . . .     Spirit   .   b - +1 ring mail
rPois    .         Reflect  +   (no helmet)
rElec    .         Harm     .   x - +0 cloak
rCorr    .         Rampage  .   (no gloves)
Will     .....                  (no boots)
Stlth    +.........             B - amulet of Ipyduoc {Reflect +Blink Str+5 SH+5 Stlth-}
HPRegen  0.18/turn              (no ring)
MPRegen  0.12/turn              (no ring)

@: lethally poisoned (0 -> -2)
A: fangs 1, strong nose, distributed training
a: Evoke Blink


You were on level 5 of the Dungeon.
You visited 2 branches of the dungeon, and saw 6 of its levels.

You collected 369 gold pieces.

Inventory:

Hand Weapons
 a - a +2 dagger
 c - a +2 dagger of venom (weapon)
 d - a +0 falchion
 l - a +4 mace
 m - a +0 hand axe
 n - a +2 dagger of speed
 u - a +0 falchion
 w - a +0 rapier
 z - a +0 great mace
Missiles
 g - 45 arrows
 h - 14 sling bullets
 r - 30 bolts
 t - 4 poisoned darts (quivered)
Armour
 b - a +1 ring mail (worn)
 e - a +0 robe
 p - a +0 scale mail
 x - a +0 cloak (worn)
Magical Staves
 k - a staff of cold
Jewellery
 A - a ring of positive energy
 B - the amulet of Ipyduoc (around neck) {Reflect +Blink Str+5 SH+5 Stlth-}
   (You found it on level 4 of the Dungeon)

   [amulet of reflection]

   It reflects blocked missile attacks.
   Str:       It affects your strength (+5).
   +Blink:    It lets you blink.
   SH:        It affects your SH (+5).
   Stlth:     It makes you less stealthy.
Wands
 f - a wand of iceblast (6)
Scrolls
 i - 2 scrolls of immolation
 v - 5 scrolls of identify
 y - a scroll of teleportation
 D - a scroll of noise {unknown}
Potions
 j - 2 potions of curing
 o - 2 potions of degeneration
 q - a potion of cancellation
 s - a potion of flight
 C - a potion of lignification


   Skills:
 + Level 5.3 Fighting
 + Level 2.7 Short Blades
 + Level 5.3 Long Blades
 + Level 2.7 Axes
 + Level 2.7 Maces & Flails
 + Level 2.7 Polearms
 + Level 3.8 Staves
 + Level 2.7 Slings
 + Level 2.7 Bows
 + Level 2.7 Crossbows
 + Level 5.3 Throwing
 + Level 2.7 Armour
 + Level 3.8 Dodging
 + Level 5.0 Stealth
 + Level 2.7 Shields
 + Level 2.7 Unarmed Combat
 + Level 2.7 Spellcasting
 + Level 2.2 Conjurations
 + Level 2.2 Hexes
 + Level 2.2 Summonings
 + Level 2.2 Necromancy
 + Level 2.2 Translocations
 + Level 2.2 Transmutations
 + Level 2.2 Fire Magic
 + Level 2.2 Ice Magic
 + Level 2.2 Air Magic
 + Level 2.2 Earth Magic
 + Level 2.2 Poison Magic
 + Level 3.0 Invocations
 + Level 2.7 Evocations


You had 11 spell levels left.
You didn't know any spells.
Your spell library contained the following spells:

 Spells                   Type           Power      Damage    Failure   Level
 Corona                   Hex            5%         N/A       22%         1
 Ensorcelled Hibernation  Hex/Ice        10%        N/A       32%         2
 Tukima's Dance           Hex            5%         N/A       54%         3


Dungeon Overview and Level Annotations

Branches:
Dungeon (5/15)             Temple (1/1) D:4

Altars:
Ashenzari
Dithmenos
Gozag
Kikubaaqudgha
Makhleb
Qazlal
Sif Muna
Trog
Uskayaw
Vehumet
Wu Jian
Xom
Zin
The Shining One

Shops:
D:2 =

Annotations:
D:2 Grinder


Innate Abilities, Weirdness & Mutations

You have very sharp teeth.
Your uncanny sense of smell can sniff out nearby items.
Your experience applies equally to all skills.


Message History

The water moccasin poisons you!
You hit the water moccasin but do no damage.
You feel very sick.
The water moccasin barely misses you. x2
You hit the water moccasin.
The water moccasin is lightly wounded.
You feel very sick. The water moccasin barely misses you.
You hit the water moccasin.
The water moccasin is moderately wounded.
You feel very sick. You block the water moccasin's attack.
You closely miss the water moccasin. You punch the water moccasin.
The water moccasin is heavily wounded.
You feel very sick. The water moccasin barely misses you.
You hit the water moccasin. Your bite misses the water moccasin.
The water moccasin is severely wounded.
You feel sick. The water moccasin bites you!
You block the water moccasin's attack.
You hit the water moccasin but do no damage.
Your bite misses the water moccasin.
The water moccasin is severely wounded.
You feel sick.
The water moccasin bites you but does no damage.
You hit the water moccasin.
The water moccasin is almost dead.
You feel sick. The water moccasin bites you.
* * * LOW HITPOINT WARNING * * *
You feel sick. You block the water moccasin's attack.
You barely miss the water moccasin.
The water moccasin is almost dead.
You feel sick. The water moccasin barely misses you.
You miss the water moccasin.
The water moccasin is almost dead.
You feel sick. You block the water moccasin's attack.
You completely miss the water moccasin.
The water moccasin is almost dead.
You feel sick. The water moccasin bites you.
You die...

...'....O#....#.#
...#...oS...#.#.# #####
##.#......###...# #...##
#(##..#......#####....####
#.....#...##.#.....#.....#
#..........#.#.###†##.##.#
#............#.....##....#
#.......###..##########..###
#.###........OS@...#.......#
...#
#........#####.##.####.###
####...#.####.# #.##.#
#....# ......# ..# #.##.#
#..#.### #.#...# ####
#.##.###..#...#
#.##...#..###.#
#.#..#.#..#...#
#.#....####.### ∆
#.#....#....#


You could see a water moccasin and an ogre.

Vanquished Creatures
  Eustachio (D:4)
  A sky beast (D:5)
  A necrophage (D:5)
  A water moccasin zombie (D:5)
  A centaur zombie (D:5)
  A hound (D:4)
  2 iguanas
  Natasha (twice) (D:3)
  Terence (D:2)
  An orc wizard (D:4)
  3 gnolls (D:4)
  4 adders
  2 ufetubi
  An adder skeleton (D:4)
  3 worms
  A dart slug (D:3)
  5 orcs
  5 bats
  10 endoplasms
  5 giant cockroaches
  8 goblins
  6 hobgoblins
  9 jackals
  5 kobolds
  4 quokkas
  6 ball pythons
  A frilled lizard (D:1)
  8 rats
98 creatures vanquished.

Vanquished Creatures (others)
  An adder (D:3)
  A worm (D:3)
  An orc (D:3)
  An endoplasm (D:3)
  2 ball pythons (D:3)
6 creatures vanquished.

Grand Total: 104 creatures vanquished

Notes
Turn   | Place    | Note
-------+----------+-------------------------------------------
     0 | D:1      | chaosape the Gnoll Wanderer began the quest for the Orb.
     0 | D:1      | chaosape set off with the following items: a +2 dagger, a
                  | potion of heal wounds, a potion of lignification, a +0
                  | falchion, a +0 robe
     0 | D:1      | Reached XP level 1. HP: 20/20 MP: 1/1
     2 | D:1      | Noticed a demigod
     2 | D:1      | Noticed a vampire
     4 | D:1      | Noticed a human
     4 | D:1      | Noticed a draconian
     6 | D:1      | Noticed a spriggan
     6 | D:1      | Noticed an elf
     8 | D:1      | Noticed a djinni
     8 | D:1      | Noticed a gargoyle
    10 | D:1      | Noticed a troll
    10 | D:1      | Noticed a minotaur
    12 | D:1      | Noticed a ghoul
    12 | D:1      | Noticed a felid
    14 | D:1      | Noticed a vine stalker
    14 | D:1      | Noticed a demonspawn
    16 | D:1      | Noticed a dwarf
    18 | D:1      | Noticed a merfolk
    18 | D:1      | Noticed a naga
    20 | D:1      | Noticed a barachi
    22 | D:1      | Noticed a formicid
    25 | D:1      | Noticed an ogre
    25 | D:1      | Noticed a tengu
    27 | D:1      | Noticed a palentonga
    27 | D:1      | Noticed an octopode
   282 | D:1      | Reached XP level 2. HP: 10/26 MP: 2/2
   990 | D:1      | Reached XP level 3. HP: 31/31 MP: 3/3
  1619 | D:2      | Reached skill level 1 in Short Blades
  1619 | D:2      | Reached skill level 1 in Axes
  1619 | D:2      | Reached skill level 1 in Maces & Flails
  1619 | D:2      | Reached skill level 1 in Polearms
  1619 | D:2      | Reached skill level 1 in Slings
  1619 | D:2      | Reached skill level 1 in Bows
  1619 | D:2      | Reached skill level 1 in Crossbows
  1619 | D:2      | Reached skill level 1 in Armour
  1619 | D:2      | Reached skill level 1 in Shields
  1619 | D:2      | Reached skill level 1 in Unarmed Combat
  1619 | D:2      | Reached skill level 1 in Spellcasting
  1619 | D:2      | Reached skill level 1 in Invocations
  1619 | D:2      | Reached skill level 1 in Evocations
  1619 | D:2      | Reached XP level 4. HP: 9/38 MP: 5/5
  2085 | D:2      | Reached skill level 1 in Conjurations
  2085 | D:2      | Reached skill level 1 in Hexes
  2085 | D:2      | Reached skill level 1 in Summonings
  2085 | D:2      | Reached skill level 1 in Necromancy
  2085 | D:2      | Reached skill level 1 in Translocations
  2085 | D:2      | Reached skill level 1 in Transmutations
  2085 | D:2      | Reached skill level 1 in Fire Magic
  2085 | D:2      | Reached skill level 1 in Ice Magic
  2085 | D:2      | Reached skill level 1 in Air Magic
  2085 | D:2      | Reached skill level 1 in Earth Magic
  2085 | D:2      | Reached skill level 1 in Poison Magic
  2094 | D:2      | Found a faded altar of an unknown god.
  2230 | D:2      | Found Cifasyff's Jewellery Shoppe.
  2582 | D:2      | Noticed Terence
  2606 | D:2      | Killed Terence
  2607 | D:2      | Reached XP level 5. HP: 33/43 MP: 5/7
  2741 | D:3      | Found a radiant altar of Vehumet.
  3291 | D:3      | Noticed Grinder
  3292 | D:3      | Noticed Natasha
  3322 | D:3      | Killed Natasha
  3425 | D:3      | Paralysed by Grinder for 5 turns
  3426 | D:3      | HP: 2/43 [Grinder/nerve-wracking pain (1)]
  4134 | D:3      | Noticed Natasha
  4160 | D:3      | Killed Natasha
  4433 | D:3      | Reached XP level 6. HP: 33/50 MP: 8/8
  4446 | D:2      | Paralysed by Grinder for 6 turns
  5064 | D:4      | Noticed Eustachio
  5104 | D:4      | Killed Eustachio
  5105 | D:4      | Reached skill level 5 in Fighting
  5105 | D:4      | Reached skill level 5 in Long Blades
  5105 | D:4      | Reached skill level 5 in Throwing
  5802 | D:4      | Reached XP level 7. HP: 34/56 MP: 10/10
  6001 | D:4      | Found a glowing silver altar of Zin.
  6010 | D:4      | Found a staircase to the Ecumenical Temple.
  6032 | D:4      | Identified the amulet of Ipyduoc {Reflect +Blink Str+5 SH+5
                  | Stlth-}
  6049 | Temple   | Entered the Ecumenical Temple
  6806 | D:5      | Entered Level 5 of the Dungeon
  7119 | D:5      | Reached skill level 5 in Stealth
  7410 | D:5      | Slain by a water moccasin

Illustrated notes

Levels and vault maps discovered:
D:1:      kb_arrival_jail, layout_basic, nrook_mini_vaults, fountainhead
D:2:      layout_rooms, serial_shops, shop_coins,
          ebering_ecumenical_altar_ruins, uniq_terence
D:3:      minmay_skewed_foursquare, layout_basic, fiery_altar_vehumet,
          minmay_misc_feat_square, minmay_vboxes, uniq_grinder, uniq_natasha
D:4:      layout_loops_ring, old_standard_altar,
          minmay_temple_entry_drinking_statues, minmay_misc_feat_cross,
          uniq_eustachio
D:5:      layout_basic
Temple:   nicolae_temple_hex_pool

Skill      XL: |  1  2  3  4  5  6  7 |
---------------+----------------------+-----
Short Blades   | 1 2 |  2.7
Axes           | 1 2 |  2.7
Maces & Flails | 1 2 |  2.7
Polearms       | 1 2 |  2.7
Slings         | 1 2 |  2.7
Bows           | 1 2 |  2.7
Crossbows      | 1 2 |  2.7
Armour         | 1 2 |  2.7
Shields        | 1 2 |  2.7
Unarmed Combat | 1 2 |  2.7
Spellcasting   | 1 2 |  2.7
Invocations    | 1 2 3 |  3.0
Evocations     | 1 2 |  2.7
Conjurations   | 1 2 |  2.2
Hexes          | 1 2 |  2.2
Summonings     | 1 2 |  2.2
Necromancy     | 1 2 |  2.2
Translocations | 1 2 |  2.2
Transmutations | 1 2 |  2.2
Fire Magic     | 1 2 |  2.2
Ice Magic      | 1 2 |  2.2
Air Magic      | 1 2 |  2.2
Earth Magic    | 1 2 |  2.2
Poison Magic   | 1 2 |  2.2
Staves         | 3 |  3.8
Dodging        | 3 |  3.8
Fighting       | 5 |  5.3
Long Blades    | 5 |  5.3
Throwing       | 5 |  5.3
Stealth        | 5 |  5.0

Action                   |  1- 3 |  4- 6 |  7- 9 || total
-------------------------+-------+-------+-------++-------
Melee: Dagger            |   136 |   182 |    13 ||   331
       Bite              |     7 |    23 |    11 ||    41
       Punch             |     1 |     3 |     2 ||     6
       Mace              |       |    57 |    63 ||   120
  Use: Potion            |     2 |     3 |       ||     5
       Scroll            |       |    12 |       ||    12
 Stab: Sleeping          |     3 |     8 |       ||    11
       Distracted        |       |     1 |       ||     1
Armor: Robe              |    13 |       |       ||    13
       Ring mail         |    25 |    89 |    50 ||   164
       Skin              |    18 |       |       ||    18
Dodge: Dodged            |    79 |   169 |    51 ||   299
Block: Other             |       |       |    27 ||    27
       Reflection        |       |       |     1 ||     1
